 Dungeon Crawl Stone Soup version 0.29.0-15-g675c0067aa (webtiles) character file.

Game seed: 8912499911690568970

5 qw the Shield-Bearer (level 1, -2/14 HPs)
             Began as a Gargoyle Fighter on Sept 12, 2022.
             Slain by a hobgoblin (4 damage)
             ... on level 1 of the Dungeon.
             The game lasted 00:00:01 (31 turns).

qw the Shield-Bearer (Gargoyle Fighter)               Turns: 31, Time: 00:00:02

Health: -2/14      AC:  9    Str: 19    XL:     1   Next: 80%
Magic:  1/1        EV:  9    Int:  8    God:
Gold:   0          SH:  4    Dex:  9    Spells: 0/0 levels left

rFire   . . .      SeeInvis .   a - +0 war axe
rCold   . . .      Faith    .   c - +0 buckler
rNeg    + . .      Spirit   .   b - +0 scale mail
rPois   inf        Reflect  .   (no helmet)
rElec   +          Harm     .   (no cloak)
rCorr   .          Rampage  .   (no gloves)
Will    .....                   (no boots)
Stlth   ..........              (no amulet)
HPRegen 0.04/turn               (no ring)
MPRegen 0.07/turn               (no ring)

@: no status effects
A: sickness immunity, AC +2, negative energy resistance 1, electricity
resistance, torment resistance 1, petrification resistance
a: no special abilities


You were on level 1 of the Dungeon.
You visited 1 branch of the dungeon, and saw 1 of its levels.


Innate Abilities, Weirdness & Mutations

You are immune to sickness and miasma.
Your stone body is resilient. (AC +2)
You are immune to poison.
You resist negative energy. (rN+)
You are resistant to electric shocks. (rElec)
You are resistant to unholy torment.
You are immune to petrification.


   Skills:
 - Level 3.2 Fighting
 + Level 2.2 Axes
 - Level 3.2 Armour
 - Level 3.2 Shields


You couldn't memorise any spells.
You didn't know any spells.
Your spell library was empty.

Inventory:

Hand Weapons
 a - a +0 war axe (weapon)
Armour
 b - a +0 scale mail (worn)
 c - a +0 buckler (worn)
Potions
 d - a potion of might

Dungeon Overview and Level Annotations

Branches:
Dungeon (1/15)

Altars:


Message History

You kill the endoplasm!
You closely miss the hobgoblin.
A hobgoblin comes into view.
The hobgoblin closely misses you.
You closely miss the hobgoblin.
The hobgoblin shouts!
You hear an angry hiss.
The bat hits you but does no damage. x2
The hobgoblin hits you but does no damage. x2
The goblin shouts!
You slash the hobgoblin!
You kill the hobgoblin!
You closely miss the bat. The bat barely misses you.
The bat hits you but does no damage.
A kobold comes into view. It is wielding a +0 club.
The kobold shouts!
You slash the rat!
You kill the rat!
You completely miss the bat.
You hear an angry hiss.
You block the bat's attack. The bat hits you but does no damage.
You barely miss the bat. You block the bat's attack. The bat barely misses you.
A ball python comes into view.
You closely miss the hobgoblin.
The ball python hisses angrily.
The bat hits you but does no damage. The hobgoblin barely misses you.
You barely miss the hobgoblin. You miss the bat. The bat misses you.
The hobgoblin hits you but does no damage.
A kobold comes into view. It is wielding a +0 whip.
The goblin closely misses you. The hobgoblin barely misses you.
You barely miss the hobgoblin. You closely miss the goblin.
The kobold shouts!
The bat barely misses you. The hobgoblin closely misses you.
The goblin hits you but does no damage.
You barely miss the hobgoblin. You closely miss the goblin.
The bat hits you but does no damage. The bat closely misses you.
The hobgoblin closely misses you. The goblin closely misses you.
The goblin hits you but does no damage. The hobgoblin hits you.
You die...

. ###.## ....# g
#.#.### ...
.....######
...?.#####.........#
...K..Kg@..........#
......Sg..b........
##..#######....####
... ##.#.##### #
#.........
###........
##<#........
#...#.###### ##....#


You could see a hobgoblin, a goblin, a bat, a ball python and 2 kobolds.

Vanquished Creatures
  An endoplasm (D:1)
  A hobgoblin (D:1)
  2 goblins (D:1)
  A rat (D:1)
5 creatures vanquished.

Notes
Turn   | Place    | Note
-------+----------+-------------------------------------------
     0 | D:1      | qw the Gargoyle Fighter began the quest for the Orb.
     0 | D:1      | Reached XP level 1. HP: 14/14 MP: 1/1
     0 | D:1      | 0 ||| qw: Version: 0.1-a-119-g272c26d
     0 | D:1      | 0 ||| qw: Game counter: 10790
     0 | D:1      | 0 ||| qw: Always use a shield: true
     0 | D:1      | 0 ||| qw: God list: Okawaru
     0 | D:1      | 0 ||| qw: Allow faded altars: false
     0 | D:1      | 0 ||| qw: Do Orc after D:15 true
     0 | D:1      | 0 ||| qw: Do second Lair branch before Depths: true
     0 | D:1      | 0 ||| qw: Lair rune preference: random
     0 | D:1      | 0 ||| qw: Plans: Normal, Zot, God:TSO, Crypt, Tomb, Pan,
                  | Slime, Hells, Zig, Abyss, Orb
     0 | D:1      | 0 ||| PLANNING D:1-11
    12 | D:1      | 12 ||| Stepping ~*~*~tactically~*~*~ (stealth).
    22 | D:1      | HP: 2/14 [frozen (2)]
    31 | D:1      | Slain by a hobgoblin

Levels and vault maps discovered:
D:1:      saegor_arrival_simple_a, layout_rooms, serial_shops, shop

Skill      XL: |  1 |
---------------+----+-----
Axes           | 2 |  2.2
Fighting       | |  3.2
Armour         | |  3.2
Shields        | |  3.2

Action                   || total
-------------------------++-------
Melee: War axe           ||    14
Armor: Scale mail        ||    15
Dodge: Dodged            ||    16
Block: Buckler           ||     2

Table legend:
 A = Non-vault XP
 B = Vault XP
 C = Vault XP percentage of total XP
 D = Non-vault monster count
 E = Vault monster count
 F = Vault count percentage of total count
                 A         B        C        D         E       F
            +---------+---------+-------+---------+---------+-------
      Total |       8 |       0 |   0.0 |       5 |       0 |   0.0
            +---------+---------+-------+---------+---------+-------
        D:1 |       8 |       0 |   0.0 |       5 |       0 |   0.0
            +---------+---------+-------+---------+---------+-------
